 Dungeon Sprint DCSS version 0.23.2-1-ga50397a (webtiles) character file.

Game seed: 11434636811777217871

168 razor4143 the Basher (level 5, -4/32 HPs)
             Began as a Gargoyle Fighter on May 11, 2019.
             Was an Initiate of Okawaru.
             Slain by a two-headed ogre
             ... wielding a +0 dire flail
              (24 damage)
             ... in the Dungeon (Sprint IX: "|||||||||||||||||||||||||||||").
             The game lasted 00:01:01 (262 turns).

razor4143 the Basher (Gargoyle Fighter)              Turns: 262, Time: 00:01:01

Health: -4/32      AC: 14    Str: 20    XL:     5   Next: 48%
Magic:  5/5        EV:  8    Int:  9    God:    Okawaru [......]
Gold:   0          SH:  9    Dex:  9    Spells: 4/4 levels left

rFire    . . .     SeeInvis .   a - +0 flail
rCold    . . .     Gourm    .   c - +0 shield
rNeg     + . .     Faith    .   v - +2 ring mail
rPois    ∞         Spirit   .   r - +0 helmet
rElec    +         Reflect  .   (no cloak)
rCorr    .         Harm     .   (no gloves)
MR       .....     NoTele   +   s - +0 pair of boots
Stlth    ..........             (no amulet)
HPRegen  0.10/turn              (no ring)
MPRegen  0.09/turn              (no ring)

@: very slightly contaminated, invisible
A: negative energy resistance 1, electricity resistance, unbreathing,
petrification resistance, rot immunity, AC +4
a: Renounce Religion


You were in the Dungeon.
You worshipped Okawaru.
Okawaru was noncommittal.
You were not hungry.

You visited 1 branch

Inventory:

Hand Weapons
 a - a +0 flail (weapon)
 q - a +2 dire flail of crushing
Armour
 b - a +0 scale mail
 c - a +0 shield (worn)
 r - a +0 helmet (worn)
 s - a +0 pair of boots (worn)
 v - a +2 ring mail (worn)
Magical Staves
 p - an uncursed staff of energy
Jewellery
 t - a +3 ring of intelligence
 u - a +3 ring of strength
Wands
 o - a wand of acid (10)
Scrolls
 k - 2 scrolls of blinking
 m - 3 scrolls of remove curse
 n - 2 scrolls of amnesia
Potions
 d - a potion of might
 e - 5 potions of curing
 g - 3 potions of heal wounds
 h - a potion of haste
 i - 4 potions of magic
Comestibles
 f - a ration
 l - 5 chunks of flesh


   Skills:
 - Level 3.2 Fighting
 + Level 10.8 Maces & Flails
 - Level 3.2 Armour
 - Level 3.2 Shields


You had 4 spell levels left.
You didn't know any spells.
Your spell library was empty.

Dungeon Overview and Level Annotations

Branches:
Dungeon (1/1)

Altars:
Cheibriados
Dithmenos
Elyvilon
Fedhas
Gozag
Hepliaklqana
Kikubaaqudgha
Makhleb
Nemelex Xobeh
Okawaru
Qazlal
Ru
Sif Muna
Trog
Uskayaw
Vehumet
Wu Jian
Xom
Yredelemnul
Zin
The Shining One
Beogh
Jiyva
Lugonu


Innate Abilities, Weirdness & Mutations

You are resistant to torment.
Your stone body is resilient. (AC +4)
You are immune to poison.
You resist negative energy. (rN+)
You are resistant to electric shocks. (rElec)
You can survive without breathing.
You are immune to petrification.
You are immune to rotting.


Message History

The two-headed ogre barely misses you. You block the two-headed ogre's attack.
You sock the two-headed ogre!
The two-headed ogre is heavily wounded.
You block the two-headed ogre's attack. The two-headed ogre barely misses you.
You thump the two-headed ogre!
The two-headed ogre is heavily wounded.
You block the two-headed ogre's attack. The two-headed ogre barely misses you.
You sock the two-headed ogre!
The two-headed ogre is severely wounded.
You strike the helpless two-headed ogre from behind!
You hit the two-headed ogre.
The two-headed ogre is almost dead.
The two-headed ogre hits you but does no damage.
You block the two-headed ogre's attack.
You hit the two-headed ogre but do no damage.
The two-headed ogre is almost dead.
The two-headed ogre hits you but does no damage.
The two-headed ogre hits you with a +0 giant spiked club!!
Ouch! That really hurt!
You die... ▓▓▓▓▓▓▓▓▓▓▓▓▓▓▓▓▓▓▓▓▓▓▓▓ _______'...)....@OSaS5.. ▓▓▓▓▓▓▓▓▓▓▓▓▓▓▓▓▓▓▓▓▓▓▓▓

You could see a two-headed ogre, a worker ant, a crimson imp and 2 adders.

Vanquished Creatures
  A sky beast (D)
  A howler monkey (D)
  A crimson imp (D)
  A dart slug (D)
  An orc (D)
  A jackal (D)
  A quokka (D)
  A bat (D)
  A frilled lizard (D)
  2 kobolds (D)
11 creatures vanquished.

Notes
Turn   | Place    | Note
-------+----------+-------------------------------------------
     0 | D        | razor4143 the Gargoyle Fighter began the quest for the Orb.
     0 | D        | Reached XP level 1. HP: 14/14 MP: 1/1
    17 | D        | Reached skill level 3 in Maces & Flails
    34 | D        | Reached skill level 4 in Maces & Flails
    91 | D        | Noticed a howler monkey
    91 | D        | Noticed a sky beast
    91 | D        | Noticed a crimson imp
    94 | D        | Killed a howler monkey
    94 | D        | Reached skill level 6 in Maces & Flails
    94 | D        | Reached XP level 2. HP: 19/19 MP: 2/2
    94 | D        | Reached XP level 3. HP: 23/23 MP: 3/3
    95 | D        | Reached skill level 7 in Maces & Flails
   100 | D        | Killed a sky beast
   100 | D        | Reached skill level 10 in Maces & Flails
   100 | D        | Reached XP level 4. HP: 28/28 MP: 4/4
   100 | D        | Reached XP level 5. HP: 32/32 MP: 5/5
   178 | D        | Found a roughly hewn altar of Beogh.
   178 | D        | Found a snail-covered altar of Cheibriados.
   178 | D        | Found a shadowy altar of Dithmenos.
   178 | D        | Found a white marble altar of Elyvilon.
   178 | D        | Found a blossoming altar of Fedhas.
   178 | D        | Found an opulent altar of Gozag.
   179 | D        | Found a hazy altar of Hepliaklqana.
   180 | D        | Found a viscous altar of Jiyva.
   181 | D        | Found an ancient bone altar of Kikubaaqudgha.
   182 | D        | Found a corrupted altar of Lugonu.
   183 | D        | Found a burning altar of Makhleb.
   184 | D        | Found a sparkling altar of Nemelex Xobeh.
   185 | D        | Found an iron altar of Okawaru.
   186 | D        | Found a stormy altar of Qazlal.
   187 | D        | Found a sacrificial altar of Ru.
   188 | D        | Found a deep blue altar of Sif Muna.
   189 | D        | Found a bloodstained altar of Trog.
   190 | D        | Found a hide-covered altar of Uskayaw.
   191 | D        | Found a radiant altar of Vehumet.
   192 | D        | Found an ornate altar of the Wu Jian Council.
   193 | D        | Became a worshipper of Warmaster Okawaru
   194 | D        | Found a shimmering altar of Xom.
   195 | D        | Found a basalt altar of Yredelemnul.
   196 | D        | Found a glowing silver altar of Zin.
   197 | D        | Found a glowing golden altar of the Shining One.
   250 | D        | Noticed a two-headed ogre
   262 | D        | Slain by a two-headed ogre

Skill      XL: |  1  2  3 |
---------------+----------+-----
Maces & Flails | 6 10 | 10.8
Fighting       | |  3.2
Armour         | |  3.2
Shields        | |  3.2

Action                   |  1- 3 |  4- 6 || total
-------------------------+-------+-------++-------
Melee: Flail             |    33 |    46 ||    79
  Use: Potion            |     1 |     1 ||     2
 Stab: Invisible         |       |     1 ||     1
Armor: Scale mail        |    13 |     9 ||    22
       Ring mail         |       |     2 ||     2
Dodge: Dodged            |    10 |    12 ||    22
Block: Shield            |    16 |    20 ||    36
